| TOP OF THE 1ST |
|
Bowling Green Hot Rods batting - Pitching for Beloit Snappers : RHP Dave Magana
|
|
Pitching: RHP Dave Magana
|
|
|
Batting: RHB Adam Turpin
|
0-0: Ground out 3-1 (Groundball, 34, EV 90.0 MPH)
|
|
Batting: SHB Wayne Hattan
|
0-0: Called Strike 0-1: Ball 1-1: Called Strike 1-2: Ball 2-2: Fly out, F6 (Popup, 6M, EV 60.0 MPH)
|
|
Batting: LHB Mario Ocana
|
0-0: Ball 1-0: Foul Ball, location: 2F 1-1: Ball 2-1: Foul Ball, location: 2F 2-2: Fly out, F7 (Line Drive, 7S, EV 95.6 MPH)
|
| Top of the 1st over - 0 runs, 0 hits, 0 errors, 0 left on base; Bowling Green 0 - Beloit 0 |
| BOTTOM OF THE 1ST |
|
Beloit Snappers batting - Pitching for Bowling Green Hot Rods : RHP Tung-chi Tian
|
|
Pitching: RHP Tung-chi Tian
|
|
|
Batting: LHB Jeremy Brammer
|
0-0: Ball 1-0: Ball 2-0: Ball 3-0: Called Strike 3-1: Called Strike 3-2: Strikes out swinging
|
|
Batting: RHB Min-chin Yi
|
0-0: Ball 1-0: Ball 2-0: Called Strike 2-1: Hit by Pitch
|
|
Batting: RHB Shannon Beck
|
0-0: Ball 1-0: Foul Ball, location: 2F 1-1: Called Strike 1-2: Strikes out looking
|
|
Batting: LHB Alan Bianchard
|
0-0: Foul Ball, location: 2F 0-1: Ball 1-1: Ball 2-1: Ball 3-1: Foul Ball, location: 2F 3-2: Fly out, F5 (Popup, 5SF, EV 83.8 MPH)
|
| Bottom of the 1st over - 0 runs, 0 hits, 0 errors, 1 left on base; Bowling Green 0 - Beloit 0 |
| TOP OF THE 2ND |
|
Bowling Green Hot Rods batting - Pitching for Beloit Snappers : RHP Dave Magana
|
|
Batting: LHB Jimmy Detrie
|
0-0: Ball 1-0: Ground out 4-3 (Groundball, 4, EV 88.1 MPH)
|
|
Batting: RHB Isaiah Easter
|
0-0: Ball 1-0: Ball 2-0: Ball 3-0: Base on Balls
|
|
Batting: RHB Jim Erdody
|
0-0: Ball 1-0: Ball 2-0: Called Strike 2-1: Ball 3-1: Base on Balls Isaiah Easter to second
|
|
Batting: RHB Kunizo Yanagisawa
|
0-0: Ball 1-0: Swinging Strike 1-1: Swinging Strike 1-2: Ball 2-2: Foul Ball, location: 2F 2-2: Foul Ball, location: 2F 2-2: Ball 3-2: Foul Ball, location: 2F 3-2: Ground out 5-3 (Groundball, 56S, EV 61.2 MPH) Isaiah Easter to third Jim Erdody to second
|
|
Batting: RHB Jason Penfield
|
0-0: Called Strike 0-1: Foul Ball, location: 2F 0-2: Ball 1-2: Strikes out looking
|
| Top of the 2nd over - 0 runs, 0 hits, 0 errors, 2 left on base; Bowling Green 0 - Beloit 0 |
| BOTTOM OF THE 2ND |
|
Beloit Snappers batting - Pitching for Bowling Green Hot Rods : RHP Tung-chi Tian
|
|
Batting: LHB Robert Wilkins
|
0-0: Foul Ball, location: 2F 0-1: Ball 1-1: Ground out 4-3 (Groundball, 4, EV 98.1 MPH)
|
|
Batting: RHB Andrew Nicol
|
0-0: Ball 1-0: Ball 2-0: Called Strike 2-1: Foul Ball, location: 2F 2-2: Ground out 6-3 (Groundball, 6, EV 78.1 MPH)
|
|
Batting: SHB Ivan Barry
|
0-0: Ground out 6-3 (Groundball, 6S, EV 87.5 MPH)
|
| Bottom of the 2nd over - 0 runs, 0 hits, 0 errors, 0 left on base; Bowling Green 0 - Beloit 0 |
| TOP OF THE 3RD |
|
Bowling Green Hot Rods batting - Pitching for Beloit Snappers : RHP Dave Magana
|
|
Batting: RHB Bazyli Andrysiak
|
0-0: Swinging Strike 0-1: Ground out 1-3 (Groundball, 13S, EV 71.2 MPH)
|
|
Batting: RHB Adam Turpin
|
0-0: Called Strike 0-1: Ball 1-1: Swinging Strike 1-2: Foul Ball, location: 2F 1-2: Strikes out looking
|
|
Batting: SHB Wayne Hattan
|
0-0: Foul Ball, location: 2F 0-1: Ball 1-1: Ball 2-1: Foul Ball, location: 2F 2-2: Foul Ball, location: 2F 2-2: Foul Ball, location: 2F 2-2: Strikes out looking
|
| Top of the 3rd over - 0 runs, 0 hits, 0 errors, 0 left on base; Bowling Green 0 - Beloit 0 |
| BOTTOM OF THE 3RD |
|
Beloit Snappers batting - Pitching for Bowling Green Hot Rods : RHP Tung-chi Tian
|
|
Batting: RHB Don Burt
|
0-0: Ball 1-0: Swinging Strike 1-1: Called Strike 1-2: Foul Ball, location: 2F 1-2: Foul Ball, location: 2F 1-2: SINGLE (Line Drive, 4MD, EV 96.9 MPH)
|
|
Batting: LHB Miguel Maymi
|
0-0: Ball Wild Pitch! Don Burt to second 1-0: Called Strike 1-1: Ball 2-1: Called Strike 2-2: Foul Ball, location: 2F 2-2: Foul Ball, location: 2F 2-2: SINGLE (Groundball, 4MD, EV 100.6 MPH) Don Burt to third Runner from 3rd tries for Home, SAFE, throw by CF to home Miguel Maymi to second
|
|
Batting: LHB Jeremy Brammer
|
0-0: Foul Ball, location: 2F 0-1: Foul Ball, location: 2F 0-2: Ground out 2-3 (Groundball, 2L, EV 68.8 MPH) Miguel Maymi to third
|
|
Batting: RHB Min-chin Yi
|
0-0: Ball 1-0: Ball 2-0: Foul Ball, location: 2F 2-1: Called Strike 2-2: Ball 3-2: Foul Ball, location: 2F 3-2: Strikes out swinging
|
|
Batting: RHB Shannon Beck
|
0-0: Ball 1-0: Ball 2-0: Called Strike 2-1: Swinging Strike 2-2: Foul Ball, location: 2F 2-2: Foul Ball, location: 2F 2-2: Foul Ball, location: 2F 2-2: Ball 3-2: Foul Ball, location: 2F 3-2: Foul Ball, location: 2F 3-2: Foul Ball, location: 2F 3-2: Strikes out swinging
|
| Bottom of the 3rd over - 1 run, 2 hits, 0 errors, 1 left on base; Bowling Green 0 - Beloit 1 |
| TOP OF THE 4TH |
|
Bowling Green Hot Rods batting - Pitching for Beloit Snappers : RHP Dave Magana
|
|
Batting: LHB Mario Ocana
|
0-0: Ball 1-0: Called Strike 1-1: Ball 2-1: Ground out 6-3 (Groundball, 56, EV 100.6 MPH)
|
|
Batting: LHB Jimmy Detrie
|
0-0: Called Strike 0-1: Ball 1-1: Ball 2-1: Foul Ball, location: 2F 2-2: Ball 3-2: Foul Ball, location: 2F 3-2: Base on Balls
|
|
Batting: RHB Isaiah Easter
|
0-0: Ball 1-0: Called Strike 1-1: Ball 2-1: Fly out, F7 (Line Drive, 7S, EV 95.6 MPH)
|
|
Batting: RHB Jim Erdody
|
0-0: Swinging Strike 0-1: Foul Ball, location: 2F 0-2: Ball 1-2: Ball 2-2: Foul Ball, location: 2F 2-2: Strikes out looking
|
| Top of the 4th over - 0 runs, 0 hits, 0 errors, 1 left on base; Bowling Green 0 - Beloit 1 |
| BOTTOM OF THE 4TH |
|
Beloit Snappers batting - Pitching for Bowling Green Hot Rods : RHP Tung-chi Tian
|
|
Batting: LHB Alan Bianchard
|
0-0: Ball 1-0: Called Strike 1-1: Foul Ball, location: 2F 1-2: Foul Ball, location: 2F 1-2: Strikes out looking
|
|
Batting: LHB Robert Wilkins
|
0-0: Ball 1-0: Reached on error, E1 (Groundball, 15, EV 62.5 MPH)
|
|
Batting: RHB Andrew Nicol
|
0-0: Called Strike 0-1: Called Strike 0-2: Foul Ball, location: 2F 0-2: Foul Ball, location: 2F 0-2: Strikes out swinging
|
|
Batting: SHB Ivan Barry
|
0-0: Ball 1-0: Fly out, F2 (Popup, 2L, EV 89.4 MPH)
|
| Bottom of the 4th over - 0 runs, 0 hits, 1 error, 1 left on base; Bowling Green 0 - Beloit 1 |
| TOP OF THE 5TH |
|
Bowling Green Hot Rods batting - Pitching for Beloit Snappers : RHP Dave Magana
|
|
Batting: RHB Kunizo Yanagisawa
|
0-0: Ball 1-0: Ground out 4-3 (Groundball, 4MD, EV 109.4 MPH)
|
|
Batting: RHB Jason Penfield
|
0-0: Ball 1-0: Foul Ball, location: 2F 1-1: Called Strike 1-2: Fly out, F8 (Line Drive, 8RD, EV 89.4 MPH)
|
|
Batting: RHB Bazyli Andrysiak
|
0-0: SINGLE (Line Drive, 8RS, EV 105.0 MPH)
|
|
Batting: RHB Adam Turpin
|
0-0: Ball 1-0: Ball 2-0: Ball 3-0: Fly out, F4 (Popup, 34, EV 58.1 MPH)
|
| Top of the 5th over - 0 runs, 1 hit, 0 errors, 1 left on base; Bowling Green 0 - Beloit 1 |
| BOTTOM OF THE 5TH |
|
Beloit Snappers batting - Pitching for Bowling Green Hot Rods : RHP Tung-chi Tian
|
|
Batting: RHB Don Burt
|
0-0: Ball 1-0: Called Strike 1-1: Ball 2-1: Fly out, F7 (Flyball, 7, EV 85.0 MPH)
|
|
Batting: LHB Miguel Maymi
|
0-0: Called Strike 0-1: Ball 1-1: Called Strike 1-2: Strikes out swinging
|
|
Batting: LHB Jeremy Brammer
|
0-0: Ball 1-0: Ball 2-0: Foul Ball, location: 2F 2-1: Ball 3-1: Called Strike 3-2: Foul Ball, location: 2F 3-2: Foul Ball, location: 2F 3-2: Fly out, F9 (Line Drive, 9D, EV 98.1 MPH)
|
| Bottom of the 5th over - 0 runs, 0 hits, 0 errors, 0 left on base; Bowling Green 0 - Beloit 1 |
| TOP OF THE 6TH |
|
Bowling Green Hot Rods batting - Pitching for Beloit Snappers : RHP Dave Magana
|
|
Batting: SHB Wayne Hattan
|
0-0: Called Strike 0-1: Ball 1-1: Ball 2-1: Ground out 4-3 (Groundball, 4, EV 83.1 MPH)
|
|
Batting: LHB Mario Ocana
|
0-0: Ball 1-0: Called Strike 1-1: Foul Ball, location: 2F 1-2: Hit by Pitch
|
|
Batting: LHB Jimmy Detrie
|
0-0: Ball 1-0: Called Strike 1-1: Foul Ball, location: 2F 1-2: Foul Ball, location: 2F 1-2: Fly out, F7 (Line Drive, 7, EV 96.9 MPH)
|
|
Batting: RHB Isaiah Easter
|
0-0: Called Strike 0-1: Foul Ball, location: 2F 0-2: Ball 1-2: Foul Ball, location: 2F 1-2: Ball 2-2: Fly out, F7 (Flyball, 78S, EV 71.9 MPH)
|
| Top of the 6th over - 0 runs, 0 hits, 0 errors, 1 left on base; Bowling Green 0 - Beloit 1 |
| BOTTOM OF THE 6TH |
|
Beloit Snappers batting - Pitching for Bowling Green Hot Rods : RHP Tung-chi Tian
|
|
Batting: RHB Min-chin Yi
|
0-0: Called Strike 0-1: Called Strike 0-2: Ground out 6-3 (Groundball, 6, EV 88.8 MPH)
|
|
Batting: RHB Shannon Beck
|
0-0: SINGLE (Groundball, 56D, EV 105.6 MPH)
|
|
Pitching: RHP Kingo Tsutsumi
|
|
|
Batting: LHB Alan Bianchard
|
0-0: Ball 1-0: Swinging Strike 1-1: Fielders Choice at 2nd, U6 (Groundball, 4M, EV 85.6 MPH)
|
|
Batting: LHB Robert Wilkins
|
0-0: Ball 1-0: Foul Ball, location: 2F 1-1: Foul Ball, location: 2F 1-2: Strikes out swinging
|
| Bottom of the 6th over - 0 runs, 1 hit, 0 errors, 1 left on base; Bowling Green 0 - Beloit 1 |
| TOP OF THE 7TH |
|
Bowling Green Hot Rods batting - Pitching for Beloit Snappers : RHP Dave Magana
|
|
Pitching: RHP John Harrell
|
|
|
Batting: RHB Jim Erdody
|
0-0: Foul Ball, location: 2F 0-1: Foul Ball, location: 2F 0-2: Ground out 6-3 (Groundball, 6, EV 78.8 MPH)
|
|
Batting: RHB Kunizo Yanagisawa
|
0-0: Foul Ball, location: 2F 0-1: Ball 1-1: Ground out 1-3 (Groundball, 13S, EV 66.9 MPH)
|
|
Batting: RHB Jason Penfield
|
0-0: Ground out 6-3 (Groundball, 6, EV 86.2 MPH)
|
| Top of the 7th over - 0 runs, 0 hits, 0 errors, 0 left on base; Bowling Green 0 - Beloit 1 |
| BOTTOM OF THE 7TH |
|
Beloit Snappers batting - Pitching for Bowling Green Hot Rods : RHP Kingo Tsutsumi
|
|
Batting: RHB Andrew Nicol
|
0-0: Ball 1-0: Ball 2-0: Reached on error, E6 (Groundball, 6S, EV 88.1 MPH)
|
|
Batting: SHB Ivan Barry
|
0-0: Ball 1-0: Sac Bunt to 13 - play at first, batter OUT! 1-3 Andrew Nicol to second
|
|
Batting: RHB Don Burt
|
0-0: Called Strike 0-1: Ball 1-1: Ball 2-1: Ball Wild Pitch! Andrew Nicol to third 3-1: Foul Ball, location: 2F 3-2: Fly out, F7 (Flyball, 7D, EV 83.8 MPH) Runner from 3rd tags up, SCORES, throw by LF
|
|
Batting: LHB Miguel Maymi
|
0-0: Ball 1-0: SINGLE (Groundball, 6MS, EV 71.2 MPH) (infield hit)
|
|
Batting: LHB Jeremy Brammer
|
0-0: Ball 1-0: Ball 2-0: Foul Ball, location: 2F 2-1: Ball 3-1: Base on Balls Miguel Maymi to second
|
|
Batting: RHB Min-chin Yi
|
0-0: Foul Ball, location: 2F 0-1: Foul Ball, location: 2F 0-2: Strikes out looking
|
| Bottom of the 7th over - 1 run, 1 hit, 1 error, 2 left on base; Bowling Green 0 - Beloit 2 |
| TOP OF THE 8TH |
|
Bowling Green Hot Rods batting - Pitching for Beloit Snappers : RHP John Harrell
|
|
Batting: RHB Bazyli Andrysiak
|
0-0: Called Strike 0-1: Called Strike 0-2: Strikes out swinging
|
|
Batting: RHB Adam Turpin
|
0-0: Foul Ball, location: 2F 0-1: Called Strike 0-2: Strikes out swinging
|
|
Batting: SHB Wayne Hattan
|
0-0: Foul Ball, location: 2F 0-1: SOLO HOME RUN (Flyball, 89XD, EV 98.1 MPH), Distance : 382 ft
|
|
Batting: LHB Mario Ocana
|
0-0: Foul Ball, location: 2F 0-1: Swinging Strike 0-2: Strikes out swinging
|
| Top of the 8th over - 1 run, 1 hit, 0 errors, 0 left on base; Bowling Green 1 - Beloit 2 |
| BOTTOM OF THE 8TH |
|
Beloit Snappers batting - Pitching for Bowling Green Hot Rods : RHP Kingo Tsutsumi
|
|
Pitching: LHP Ryan Folks
|
|
|
Batting: RHB Shannon Beck
|
0-0: Foul Ball, location: 2F 0-1: Ball 1-1: SOLO HOME RUN (Flyball, 78XD, EV 97.5 MPH), Distance : 379 ft
|
|
Batting: LHB Alan Bianchard
|
0-0: Ball 1-0: Ball 2-0: Fly out, F7 (Flyball, 7, EV 83.1 MPH)
|
|
Batting: LHB Robert Wilkins
|
0-0: Ground out 1-3 (Groundball, 34S, EV 76.2 MPH)
|
|
Batting: RHB Andrew Nicol
|
0-0: Ground out 4-3 (Groundball, 4M, EV 86.2 MPH)
|
| Bottom of the 8th over - 1 run, 1 hit, 0 errors, 0 left on base; Bowling Green 1 - Beloit 3 |
| TOP OF THE 9TH |
|
Bowling Green Hot Rods batting - Pitching for Beloit Snappers : RHP John Harrell
|
|
Pitching: RHP Tony Contreras
|
|
|
Batting: LHB Jimmy Detrie
|
0-0: Ball 1-0: Called Strike 1-1: Called Strike 1-2: Ground out 4-3 (Groundball, 4, EV 95.0 MPH)
|
|
Batting: RHB Isaiah Easter
|
0-0: Fly out, F5 (Popup, 56S, EV 75.6 MPH)
|
|
Batting: RHB Jim Erdody
|
0-0: Ground out 6-3 (Groundball, 6, EV 89.4 MPH)
|
| Top of the 9th over - 0 runs, 0 hits, 0 errors, 0 left on base; Bowling Green 1 - Beloit 3 |
|